Map: Site Delta LE

Players

tjygn - Winner!

  • Race: Zerg Zerg
  • League: Silver
  • Spawn Location: 5:00

Alexis

  • Race: Zerg Zerg
  • League: Silver
  • Spawn Location: 11:00

VOD

Have the link to the VOD?

Description

Time

  • Played on: Aug. 4, 2024, 10:45 p.m.
  • Length: 16:01
Show
View Real Time Build Order
Export as new Build Order

tjygn Zerg - Winner!

Build Orders: Hatch First, Roach Hydra 

Get SALT Encoding   

  12  0:00  Drone  
  13  0:14  Overlord  
  13  0:17  Drone  
  14  0:41  Hatchery  
  13  0:44  Drone  
  13  0:49  Drone  
  15  0:52  Drone  
  16  1:04  Extractor  
  16  1:10  Spawning Pool  
  14  1:13  Drone  
  14  1:17  Drone  
  16  1:21  Drone  
  17  1:28  Drone  
  18  1:39  Drone  
  19  1:49  Drone  
  20  1:59  Drone  
  20  2:00  Queen x2  
  25  2:02  Overlord  
  25  2:07  Drone  
  26  2:13  Drone  
  27  2:20  Drone  
  28  2:25  Drone  
  29  2:31  Overlord  
  29  2:32  Drone  
  30  2:39  Drone  
  31  2:50  Drone x2  
  33  3:04  Drone x2  
  33  3:05  Spine Crawler  
  34  3:11  Overlord  
  34  3:13  Drone x7  
  41  3:20  Roach Warren  
  41  3:22  Evolution Chamber  
  39  3:29  Evolution Chamber  
  39  3:32  Drone, Extractor  
  39  3:33  Drone x2  
  39  3:34  Extractor  
  39  3:35  Drone  
  39  3:38  Queen  
  42  3:45  Lair  
  42  3:51  Drone x2  
  42  3:52  Drone x2  
  42  3:53  Drone x2  
  48  3:57  Zerg Missile Weapons Level 1  
  48  3:58  Overlord  
  48  4:08  Roach x2  
  52  4:10  Overlord  
  52  4:16  Roach  
  54  4:23  Roach x3  
  60  4:30  Roach x2  
  64  4:33  Overlord x2  
  64  4:47  Glial Reconstitution  
  64  4:50  Hatchery  
  63  4:55  Drone x8  
  71  5:06  Drone x2  
  71  5:21  Roach x2  
  71  5:22  Roach x2  
  71  5:23  Roach x3  
  67  5:37  Roach x3  
  71  5:49  Roach  
  71  5:50  Roach x7  
  83  5:59  Roach  
  83  6:10  Overlord x2  
  83  6:11  Overlord  
  83  6:22  Hatchery  
  82  6:33  Drone x7  
  82  6:34  Drone  
  86  6:43  Queen  
  86  6:44  Zerg Missile Weapons Level 2  
  86  6:46  Zerg Ground Armor Level 1  
  88  6:50  Drone  
  88  6:51  Drone x2  
  88  6:52  Drone  
  92  6:55  Extractor  
  92  6:57  Hydralisk Den  
  90  7:02  Drone  
  90  7:03  Drone x5  
  90  7:04  Drone  
  97  7:14  Drone x2  
  99  7:24  Drone  
  100  7:39  Extractor  
  100  7:42  Drone x2, Extractor  
  100  7:43  Drone  
  101  7:45  Drone x3  
  104  7:52  Queen  
  104  7:57  Hatchery  
  105  7:59  Grooved Spines  
  105  8:01  Drone x3  
  105  8:02  Hydralisk, Overlord x2  
  105  8:03  Hydralisk x2  
  114  8:16  Overlord x6  
  114  8:17  Overlord  
  114  8:32  Hydralisk x3  
  120  8:50  Muscular Augments  
  120  8:56  Drone x11  
  131  9:15  Extractor  
  131  9:16  Drone x3  
  133  9:17  Drone, Extractor  
  133  9:18  Drone x2  
  133  9:22  Hatchery  
  134  9:28  Overlord x2  
  134  9:29  Drone  
  134  9:30  Drone x4  
  134  9:31  Hydralisk x4  
  139  9:35  Zerg Ground Armor Level 2  
  147  9:41  Infestation Pit  
  146  9:49  Drone x3  
  146  9:50  Overlord  
  146  9:52  Hydralisk x2  
  153  9:57  Hydralisk x10  
  153  9:58  Hydralisk  
  175  10:03  Overseer x2  
  175  10:24  Hydralisk x9  
  193  10:29  Hydralisk x2  
  193  10:30  Hydralisk  
  199  11:01  Hatchery  
  198  11:04  Hive  
  198  11:19  Hydralisk  
  200  11:38  Hydralisk x15  
  200  11:39  Hydralisk x4  
  194  11:40  Hydralisk x2  
  194  11:46  Hydralisk x9  
  194  11:47  Hydralisk x2  
  174  11:59  Hydralisk x5  
  164  12:18  Roach x15  
  194  12:31  Hydralisk x2  
  198  12:37  Zerg Missile Weapons Level 3  
  198  12:38  Zerg Ground Armor Level 3  
  198  13:38  Roach x4  
  196  13:55  Roach x3  
  190  13:56  Roach x4  
  190  13:57  Roach  
  190  13:58  Hydralisk  
  156  14:15  Hydralisk x7  
  156  14:16  Hydralisk x18  
  182  15:14  Hydralisk x9  
Show
View Real Time Build Order
Export as new Build Order

Alexis Zerg 

Build Orders: Pool First 

Get SALT Encoding   

  12  0:03  Drone  
  13  0:13  Overlord  
  13  0:17  Drone  
  14  0:31  Drone x2  
  16  0:36  Drone  
  17  0:47  Extractor  
  17  0:48  Drone  
  17  0:53  Spawning Pool  
  16  0:58  Drone  
  17  1:08  Drone  
  18  1:31  Hatchery, Evolution Chamber  
  16  1:32  Drone  
  16  1:33  Drone  
  18  1:44  Queen  
  20  1:49  Drone  
  21  2:10  Zerg Ground Armor Level 1  
  21  2:20  Zergling x2  
  22  2:33  Overlord x2  
  22  2:42  Queen  
  24  2:52  Zergling x2  
  24  2:53  Zergling x4  
  27  3:04  Drone x4  
  31  3:35  Overlord x2  
  31  3:37  Zergling x2  
  31  3:38  Zergling x12  
  37  4:14  Zergling x2  
  37  4:15  Zergling x14  
  45  4:26  Zergling x4  
  47  4:40  Drone x4  
  47  4:41  Extractor  
  47  4:42  Hatchery  
  48  5:20  Zergling x12  
  48  5:21  Zergling x12  
  54  5:22  Zergling x2  
  54  5:27  Metabolic Boost  
  53  5:54  Zergling x12  
  48  6:09  Roach Warren, Drone x2  
  48  6:10  Drone x4  
  49  6:25  Lair  
  47  6:40  Drone x3  
  47  6:41  Drone x2  
  47  6:43  Drone x3  
  55  6:52  Extractor  
  54  7:01  Drone x3  
  54  7:02  Drone x5  
  54  7:06  Overlord  
  62  7:11  Overlord  
  62  7:27  Hydralisk Den  
  62  7:28  Zerg Ground Armor Level 2  
  61  7:34  Evolution Chamber  
  60  7:49  Queen  
  62  7:58  Muscular Augments  
  62  8:00  Hydralisk x2  
  62  8:01  Hydralisk x7  
  80  8:11  Baneling Nest  
  79  8:17  Drone x2  
  81  8:20  Overlord x3  
  81  8:24  Overseer  
  81  9:01  Glial Reconstitution  
  81  9:02  Grooved Spines  
  81  9:04  Roach  
  81  9:05  Roach x3  
  81  9:08  Overlord x2  
  81  9:09  Overlord x3  
  89  9:27  Overlord  
  89  9:28  Overlord x2  
  89  9:49  Hatchery  
  88  10:14  Roach x13  
  90  10:15  Roach x5  
  90  10:19  Hatchery  
  123  10:32  Hatchery  
  122  10:44  Centrifugal Hooks  
  122  10:58  Overseer  
  122  11:02  Baneling x4  
  122  11:03  Baneling x8  
  122  11:04  Baneling x7  
  122  11:05  Baneling x6  
  122  11:07  Zergling x4  
  122  11:08  Zergling x26  
  89  11:48  Roach x14  
  89  11:49  Roach  
  91  12:02  Roach x4  
  87  12:23  Drone x8  
  87  12:24  Drone x3  
  87  12:27  Roach  
  100  12:35  Queen  
  100  12:36  Queen  
  104  12:40  Roach  
  104  12:41  Roach x5  
  116  12:48  Zerg Missile Weapons Level 1  
  116  13:04  Extractor  
  115  13:15  Extractor  
  115  13:17  Zergling x2  
  115  13:18  Zergling x32  
  131  13:24  Extractor  
  127  13:37  Roach x4  
  127  13:38  Roach x4  
  120  13:45  Baneling x7  
  120  13:46  Baneling x7  
  80  14:09  Roach x2  
  69  14:10  Roach x5  
  58  14:23  Roach x3  
  63  14:24  Roach  
  46  14:50  Zergling x12  
  46  14:51  Zergling x6  
  45  14:53  Queen  
  45  14:54  Queen  
  45  15:13  Hatchery  
  40  15:15  Hatchery  
  40  15:16  Hatchery  
  40  15:21  Zergling x8  
  36  15:22  Zergling x4  
Tags
 
Composition
Roach Hydra
Matchup
ZvZ
Race
Zerg
Spawn Locations
Cross Positions
Add a new tag
Caveats
  • Supply blocks, unpowered buildings, or Contaminate may cause inaccurate times.
  • Supply counts are checked every 10 seconds.